 Dungeon Crawl Stone Soup version 0.32-a0-666-ge8a88695a4 (webtiles) character file.

Game seed: 13352348715261127491

5715 Fodor the Fighter (level 10, -21/91 HPs)
             Began as a Minotaur Fighter on Mar 9, 2024.
             Was an Initiate of Gozag.
             Demolished by a two-headed ogre
             ... wielding a +0 giant club
              (24 damage)
             ... on level 10 of the Dungeon.
             The game lasted 00:26:59 (9292 turns).

Fodor the Fighter (Minotaur Fighter)                Turns: 9292, Time: 00:27:00

Health: -21/91     AC: 14    Str: 32    XL:     10   Next: 48%
Magic:  9/9        EV: 12    Int:  5    God:    Gozag
Gold:   813        SH:  0    Dex:  9    Spells: 9/9 levels left

rFire   . . .        a - +0 battleaxe
rCold   . . .        (shield currently unavailable)
rNeg    . . .        w - +4 ring mail
rPois   .            (helmet restricted)
rElec   .            u - +1 cloak {Stlth+}
rCorr   .            (no gloves)
SInv    .            G - +0 pair of boots
Will    .....        (no amulet)
Stlth   ++           c - +6 ring of strength
HPRegen 0.35/turn    (no ring)
MPRegen 0.11/turn

%: no passive effects
@: mighty
A: horns 2, retaliatory headbutt
a: Renounce Religion, Potion Petition, Call Merchant, Bribe Branch


You were on level 10 of the Dungeon.
You worshipped Gozag.
Gozag was pleased with you.
You visited 2 branches of the dungeon, and saw 11 of its levels.

You collected 932 gold pieces.
You paid 119 gold pieces to Gozag.

Inventory:

Hand Weapons
 a - a +0 battleaxe (weapon)
 p - a +0 arbalest
 t - a +2 quarterstaff of chaos
 E - the +1 flail of Osif {flame, rPois Int+2}
   (You found it on level 8 of the Dungeon)

   Int+2:     It affects your intelligence (+2).
   rPois:     It protects you from poison.
Armour
 b - a +0 plate armour
 u - a +1 cloak of stealth (worn)
 w - a +4 ring mail (worn)
 G - a +0 pair of boots (worn)
Jewellery
 c - a +6 ring of strength (left hand)
 y - a ring of poison resistance
 F - a ring of see invisible
Wands
 r - a wand of warping (12)
 s - a wand of flame (49)
 B - a wand of paralysis (21)
Scrolls
 f - a scroll of vulnerability
 h - 2 scrolls of amnesia
 i - a scroll of enchant armour {unknown}
 l - a scroll of immolation {unknown}
 n - 3 scrolls of teleportation
 q - a scroll of poison
 x - a scroll of revelation
 D - 2 scrolls of enchant weapon {unknown}
Potions
 e - 2 potions of degeneration {unknown}
 g - 3 potions of haste
 j - a potion of enlightenment {unknown}
 k - 3 potions of ambrosia {unknown}
 m - a potion of curing
 o - 3 potions of berserk rage {unknown}
 v - a potion of lignification {unknown}
 z - a potion of brilliance {unknown}
 A - a potion of resistance {unknown}
 C - a potion of attraction {unknown}


   Skills:
 + Level 9.4 Fighting
 + Level 7.2 Axes
 + Level 7.7 Staves
 + Level 8.3 Ranged Weapons
 + Level 7.0 Armour
 + Level 4.2 Dodging
 + Level 3.4 Stealth
 + Level 4.6 Shields


You had 9 spell levels left.
You didn't know any spells.
Your spell library contained the following spells:

 Spells                   Type           Power      Damage    Failure   Level
 Shock                    Conj/Air       0%         1d3       56%         1
 Summon Small Mammal      Summ           0%         N/A       56%         1
 Call Canine Familiar     Summ           0%         N/A       91%         3
 Fugue of the Fallen      Necr           0%         N/A       91%         3
 Ozocubu's Armour         Ice            0%         N/A       91%         3
 Swiftness                Air            0%         N/A       91%         3
 Airstrike                Air            0%         2d(0-16)  100%        4
 Manifold Assault         Tloc           0%         N/A       100%        4
 Summon Blazeheart Golem  Fire/Summ      0%         N/A       100%        4


Dungeon Overview and Level Annotations

Branches:
Dungeon (10/15)            Temple (1/1) D:7
   Lair: D:8-11         Orc: D:9-12

Altars:
Ashenzari
Cheibriados
Dithmenos
Elyvilon
Fedhas
Gozag
Hepliaklqana
Kikubaaqudgha
Makhleb
Nemelex Xobeh
Okawaru
Qazlal
Ru
Sif Muna
Trog
Uskayaw
Vehumet
Wu Jian
Xom
Yredelemnul
Zin
The Shining One

Shops:
D:5 *

Annotations:
D:5 3 runed translucent doors, DeathSocks's ghost, novice BaHs


Innate Abilities, Weirdness & Mutations

You have a pair of horns on your head.
You reflexively headbutt those who attack you in melee.


Message History

You shoot a bolt.
The bolt closely misses the two-headed ogre.
The two-headed ogre hits you with a +0 giant club!
The two-headed ogre hits you with a +0 dire flail.
You shoot a bolt.
The bolt barely misses the two-headed ogre.
The two-headed ogre hits you with a +0 giant club!
The two-headed ogre hits you with a +0 dire flail.
You shoot a bolt. The bolt hits the two-headed ogre.
The two-headed ogre is moderately wounded.
The two-headed ogre hits you with a +0 giant club!
The two-headed ogre hits you with a +0 dire flail!
a - a +0 battleaxe (weapon)
You barely miss the two-headed ogre.
Your headbutt misses the two-headed ogre.
The two-headed ogre is moderately wounded.
The two-headed ogre hits you with a +0 giant club!!
* * * LOW HITPOINT WARNING * * *
The two-headed ogre barely misses you.
You slash the two-headed ogre!
The two-headed ogre is heavily wounded.
The two-headed ogre hits you with a +0 giant club.
* * * LOW HITPOINT WARNING * * *
The two-headed ogre barely misses you.
You feel better.
The two-headed ogre closely misses you. x2
You feel better.
You feel better.
The two-headed ogre hits you with a +0 giant club!!
* * * LOW HITPOINT WARNING * * *
The two-headed ogre hits you with a +0 dire flail.
* * * LOW HITPOINT WARNING * * *
You feel very mighty all of a sudden.
The two-headed ogre hits you with a +0 giant club!!
* * * LOW HITPOINT WARNING * * *
The two-headed ogre closely misses you.
You barely miss the two-headed ogre. You headbutt the two-headed ogre!!
The two-headed ogre is severely wounded.
The two-headed ogre hits you with a +0 giant club!!
You die...
Your body crumbles into a pile of gold.

#..# #..# #..#
#..# . #..#
...###..#
........######
.......@.....#
..####.O..../#
#)......#
#...#####
#...# #...#
#...# #...#


You could see a two-headed ogre.

Vanquished Creatures
  Grinder (D:3)
  A troll (D:6)
  Prince Ribbit (D:7)
  12 yaks
  A wyvern (D:8)
  Eustachio (D:5)
  A steam dragon (D:8)
  A water moccasin (D:5)
  2 sky beasts (D:8)
  A black bear (D:6)
  An orc warrior (D:7)
  2 ice beasts
  A centaur (D:7)
  An ogre (D:4)
  2 kobold brigands
  A bullfrog (D:7)
  A gnoll sergeant (D:7)
  2 scorpions
  13 wights (D:8)
  3 killer bees (D:8)
  4 howler monkeys
  2 jellies
  4 hounds
  5 orc priests
  2 bombardier beetles
  Crazy Yiuf (D:3)
  A sleepcap (D:7)
  2 iguanas
  3 orc wizards
  Natasha (twice) (D:3)
  5 gnolls (D:7)
  7 adders
  A shadow imp (D:3)
  A white imp (D:5)
  2 ufetubi (D:7)
  2 dart slugs
  3 ribbon worms
  11 orcs
  4 ball pythons
  8 endoplasms
  2 giant cockroaches
  9 goblins
  4 hobgoblins
  A quokka (D:4)
  6 bats
  3 frilled lizards
  13 kobolds
  3 rats
160 creatures vanquished.

Vanquished Creatures (others)
  A bat (D:3)
1 creature vanquished.

Grand Total: 161 creatures vanquished

Notes
Turn   | Place    | Note
-------+----------+-------------------------------------------
     0 | D:1      | Fodor the Minotaur Fighter began the quest for the Orb.
     0 | D:1      | Reached XP level 1. HP: 19/19 MP: 0/0
   168 | D:1      | Reached XP level 2. HP: 26/27 MP: 1/1
   634 | D:2      | Found an iron altar of Okawaru.
   719 | D:2      | Reached skill level 4 in Fighting
   719 | D:2      | Reached XP level 3. HP: 33/33 MP: 2/2
  1093 | D:2      | Reached XP level 4. HP: 36/40 MP: 3/3
  1497 | D:3      | Found a faded altar of an unknown god.
  1532 | D:3      | Reached XP level 5. HP: 19/47 MP: 4/4
  1724 | D:3      | Noticed Grinder
  1739 | D:3      | Killed Grinder
  1740 | D:3      | Reached skill level 5 in Fighting
  1740 | D:3      | Reached skill level 5 in Axes
  1740 | D:3      | Reached skill level 5 in Armour
  1740 | D:3      | Reached XP level 6. HP: 45/56 MP: 5/5
  1793 | D:3      | Found a runed translucent door.
  1794 | D:3      | Noticed Crazy Yiuf
  1800 | D:3      | Killed Crazy Yiuf
  1987 | D:3      | Noticed Natasha
  1993 | D:3      | Killed Natasha
  2305 | D:3      | Noticed Natasha
  2312 | D:3      | Killed Natasha
  2313 | D:3      | Reached XP level 7. HP: 62/62 MP: 6/6
  2436 | D:4      | Reached skill level 1 in Staves
  2683 | D:4      | Found a hide-covered altar of Uskayaw.
  2833 | D:5      | Entered Level 5 of the Dungeon
  2888 | D:5      | Noticed Eustachio
  2901 | D:5      | Killed Eustachio
  2902 | D:5      | Reached skill level 1 in Dodging
  2902 | D:5      | Reached skill level 1 in Stealth
  2941 | D:5      | Found Ruext's Gadget Gallery.
  2950 | D:5      | Reached skill level 6 in Fighting
  3199 | D:5      | Reached XP level 8. HP: 70/70 MP: 7/7
  3518 | D:5      | Found a runed translucent gate.
  3519 | D:5      | Found a runed translucent gate.
  3521 | D:5      | Found a runed translucent gate.
  3523 | D:5      | Noticed DeathSocks's ghost (novice BaHs)
  3964 | D:6      | Reached skill level 1 in Ranged Weapons
  4109 | D:6      | Reached skill level 5 in Ranged Weapons
  4116 | D:6      | Reached XP level 9. HP: 27/78 MP: 8/8
  4122 | D:6      | Reached skill level 7 in Fighting
  4122 | D:6      | Reached skill level 5 in Staves
  4752 | D:6      | Found a hazy altar of Hepliaklqana.
  4755 | D:6      | Found a shadowy altar of Dithmenos.
  4947 | D:6      | Noticed a troll
  4959 | D:6      | Killed a troll
  6154 | D:7      | Noticed Prince Ribbit
  6164 | D:7      | Killed Prince Ribbit
  6241 | D:7      | Found a staircase to the Ecumenical Temple.
  6262 | Temple   | Entered the Ecumenical Temple
  6282 | Temple   | Became a worshipper of Gozag Ym Sagoz the Greedy
  7155 | D:8      | Reached XP level 10. HP: 59/88 MP: 9/9
  7160 | D:8      | Reached skill level 8 in Fighting
  7304 | D:8      | Found a basalt altar of Yredelemnul.
  7481 | D:8      | Identified the +1 flail of Osif {flame, rPois Int+2}
  7599 | D:8      | Reached skill level 9 in Fighting
  8213 | D:8      | Found a blossoming altar of Fedhas.
  8213 | D:8      | Found an ancient bone altar of Kikubaaqudgha.
  8444 | D:9      | Found a broken altar of Ashenzari.
  9277 | D:10     | Entered Level 10 of the Dungeon
  9277 | D:10     | Noticed a two-headed ogre
  9291 | D:10     | HP: 3/91 [two-headed ogre/+0 giant club (23)]
  9292 | D:10     | Demolished by a two-headed ogre

Illustrated notes

Levels and vault maps discovered:
D:1:      dpeg_arrival_ternary, layout_basic
D:2:      layout_basic, basic_altar
D:3:      layout_loops_ring, shapermc_ecumenical_altar_acropolis,
          uniq_crazy_yiuf_cottage, uniq_grinder, uniq_natasha
D:4:      layout_cave_pools, nicolae_overflow_crystal_walls
D:5:      layout_basic, gammafunk_ghost_nasty_kobolds, nicolae_shop_gadgets,
          uniq_eustachio
D:6:      layout_loops_ring, riverfiend_overflow_shadow_ancestor
D:7:      layout_rooms, minmay_temple_entry_arrows,
          nicolae_houndstooth_variations, uniq_prince_ribbit1
D:8:      wad_crossroads, layout_loops_corners,
          grunt_temple_overflow_growth_and_decay, yredelemnul_altar_generic
D:9:      layout_loops_cross, evilmike_ruin_ashenzari
D:10:     layout_long_grid, erik_lair_dragon, orc_0_dummy, uniq_urug
Temple:   bh_familiar_temple

Skill      XL: |  1  2  3  4  5  6  7  8  9 10 |
---------------+-------------------------------+-----
Armour         | 4 5 6 7 |  7.0
Shields        | 4 |  4.6
Fighting       | 4 5 6 7 9 |  9.4
Axes           | 3 4 5 6 7 |  7.2
Staves         | 3 4 7 |  7.7
Dodging        | 1 2 4 |  4.2
Stealth        | 2 3 |  3.4
Ranged Weapons | 5 7 8 |  8.3

Action                     |  1- 3 |  4- 6 |  7- 9 | 10-12 || total
---------------------------+-------+-------+-------+-------++-------
  Melee: War axe           |    63 |    42 |       |       ||   105
         Headbutt          |    10 |     8 |    29 |     8 ||    55
         Quarterstaff      |       |    23 |   156 |    19 ||   198
         Battleaxe         |       |       |       |     6 ||     6
         Flail             |       |       |       |     5 ||     5
   Fire: Shortbow          |       |       |   121 |       ||   121
         Arbalest          |       |       |    15 |    99 ||   114
    Use: Scroll            |       |       |     6 |       ||     6
         Potion            |       |       |     1 |     4 ||     5
   Stab: Petrified         |       |       |     6 |       ||     6
         Paralysed         |       |       |     2 |       ||     2
         Petrifying        |       |       |     1 |       ||     1
         Sleeping          |       |       |     1 |       ||     1
         Confused          |       |       |     4 |       ||     4
 Armour: Scale mail        |    29 |       |       |       ||    29
         Plate armour      |    28 |    53 |       |       ||    81
         Ring mail         |       |       |   202 |    72 ||   274
  Dodge: Dodged            |    24 |    20 |   201 |    59 ||   304
  Block: Buckler           |    18 |     8 |       |       ||    26

Table legend: (Time is in decaauts)
 A = Elapsed time spent in this place.
 B = Non-inter-level travel time spent in this place.
 C = Inter-level travel time spent in this place.
 D = Time resting spent in this place.
 E = Time spent auto-exploring this place.
 F = Levels seen in this place.
 G = Mean time per level.
                   A        B        C        D        E       F      G
               +--------+--------+--------+--------+--------+-----+--------+
         Total |   9419 |   9349 |     70 |   1278 |   5992 |  11 |  856.3 |
       Dungeon |   9380 |   9310 |     70 |   1278 |   5992 |  10 |  938.0 |
        Temple |     38 |     38 |      0 |      0 |      0 |   1 |   38.0 |
               +--------+--------+--------+--------+--------+-----+--------+

Top non-repeatable levels by time:
     D:8: 1878 daAuts
     D:6: 1745 daAuts
     D:5: 1126 daAuts
     D:3: 1040 daAuts
     D:2: 940 daAuts
     D:9: 893 daAuts
     D:7: 834 daAuts
     D:1: 480 daAuts
     D:4: 422 daAuts
  Temple: 38 daAuts
    D:10: 18 daAuts
